Map: Ruins of Endion

Players

SHIRU

  • Race: Terran Terran
  • League: Gold

Miszu - Winner!

  • Race: Terran Terran
  • League: Grandmaster

VOD

Have the link to the VOD?

Description

Time

  • Played on: May 13, 2016, 11:59 a.m.
  • Length: 7:53
Show
View Real Time Build Order
Export as new Build Order

SHIRU Terran 

Build Orders: Liberator Opening, Reaper Expand 

Get SALT Encoding   

  12  0:01  SCV  
  13  0:13  SCV  
  14  0:19  Supply Depot  
  14  0:25  SCV  
  15  0:40  SCV  
  15  0:41  Barracks  
  16  0:47  Refinery  
  16  0:52  SCV  
  17  1:04  SCV  
  18  1:16  SCV  
  19  1:30  Reaper  
  19  1:31  Orbital Command  
  20  1:38  Refinery  
  20  1:53  Command Center  
  20  2:01  SCV  
  20  2:05  Supply Depot  
  21  2:13  Reaper  
  22  2:16  SCV  
  22  2:20  Factory  
  23  2:29  SCV  
  24  2:37  Engineering Bay  
  24  2:45  Reaper  
  24  2:52  SCV  
  25  3:03  Widow Mine  
  25  3:05  Starport, SCV  
  28  3:10  Missile Turret  
  28  3:17  SCV, Orbital Command  
  28  3:19  Reaper  
  30  3:27  Liberator  
  30  3:31  Widow Mine  
  32  3:38  Supply Depot  
  35  3:51  Bunker  
  35  3:58  Orbital Command  
  35  4:01  Supply Depot  
  35  4:10  Factory Tech Lab  
  35  4:21  Supply Depot  
  35  4:23  SCV  
  36  4:29  Siege Tank  
  39  4:31  Barracks Tech Lab  
  39  4:34  Starport Reactor  
  39  4:35  SCV  
  40  4:38  Refinery, Barracks  
  40  4:39  SCV  
  40  4:40  Refinery  
  41  4:46  Supply Depot  
  41  4:47  SCV  
  41  4:51  SCV  
  43  4:59  SCV  
  44  5:02  Stimpack  
  44  5:03  Marauder, SCV  
  44  5:20  Missile Turret  
  42  5:27  Marine  
  41  5:34  Missile Turret  
  39  5:44  Marine  
  38  5:57  Terran Infantry Weapons Level 1, Missile Turret  
  35  6:10  Missile Turret  
  33  6:18  Missile Turret  
  30  6:30  Marine  
  31  6:33  SCV  
  31  6:34  SCV  
  33  6:44  Medivac  
  33  6:45  SCV  
  33  6:46  SCV  
  37  6:48  Marine  
  37  6:52  Command Center  
  38  6:58  SCV  
  39  7:05  Barracks Reactor  
  39  7:06  Marine  
  37  7:11  Missile Turret  
  35  7:28  SCV x2  
  36  7:40  SCV x2  
Show
View Real Time Build Order
Export as new Build Order

Miszu Terran - Winner!

Build Orders: 1/1/1, Banshee Rush 

Get SALT Encoding   

  12  0:01  SCV  
  13  0:13  SCV  
  14  0:18  Supply Depot  
  14  0:25  SCV  
  14  0:28  Refinery  
  15  0:39  SCV  
  16  0:46  Barracks  
  16  0:51  SCV  
  16  0:56  Refinery  
  17  1:03  SCV  
  18  1:17  SCV  
  19  1:29  SCV  
  20  1:34  Factory, Reaper  
  21  1:41  Orbital Command  
  21  1:55  Supply Depot  
  21  2:07  Reaper  
  22  2:08  SCV  
  23  2:20  Starport, Hellion  
  25  2:26  Supply Depot  
  25  2:27  SCV  
  26  2:39  Reaper, SCV  
  26  2:41  Hellion  
  30  2:56  Supply Depot, Medivac  
  32  3:03  Hellion  
  34  3:12  Barracks Tech Lab  
  34  3:14  SCV  
  34  3:19  Supply Depot  
  37  3:33  Command Center  
  35  3:35  Factory Reactor  
  35  3:36  SCV  
  35  3:40  Cloaking Field  
  36  3:49  SCV  
  36  3:52  Barracks Reactor  
  36  3:53  Banshee  
  40  4:01  SCV  
  30  4:16  Barracks  
  30  4:18  Barracks  
  30  4:19  SCV  
  30  4:20  Factory Tech Lab  
  31  4:31  SCV  
  32  4:36  Barracks Tech Lab  
  35  4:42  Siege Tank  
  35  4:44  SCV  
  39  4:49  Orbital Command  
  39  4:56  SCV  
  39  4:58  Viking  
  37  5:04  Marine  
  37  5:05  Marine  
  39  5:08  SCV  
  39  5:10  Stimpack  
  40  5:14  Marine  
  40  5:21  Marine  
  40  5:26  Marine x2  
  43  5:32  Marine  
  44  5:39  Marine  
  44  5:40  Banshee  
  44  5:42  SCV x2  
  50  5:44  Marine  
  51  5:54  SCV x2  
  53  5:58  Marine  
  53  6:01  Siege Tank  
  57  6:06  SCV x2  
  57  6:07  Supply Depot  
  57  6:08  Marine  
  60  6:18  Marine x2  
  62  6:26  Marine x2  
  61  6:33  SCV  
  61  6:34  SCV  
  61  6:36  Marine x2, Medivac x2  
  61  6:39  Supply Depot x2  
  69  6:42  Refinery  
  69  6:44  Marine x2  
  69  6:45  SCV  
  72  6:50  SCV  
  72  6:51  Supply Depot  
  72  6:52  Supply Depot  
  72  6:53  Marine  
  74  6:54  Marine  
  74  6:58  SCV  
  76  7:01  Marine  
  76  7:02  Marine, SCV  
  79  7:10  SCV  
  79  7:11  Marine  
  79  7:12  Marine  
  82  7:19  Marine  
  83  7:25  Marine  
  83  7:29  Marine  
  92  7:30  Marine  
  92  7:33  Supply Depot x2  
  92  7:36  Barracks x2  
Tags
 
Add a new tag
Caveats
  • Supply blocks, unpowered buildings, or Contaminate may cause inaccurate times.
  • Supply counts are checked every 10 seconds.